 Dungeon Crawl Stone Soup version 0.29-a0-892-g2c4c91d9db (webtiles) character file.

Game seed: 15166869510849302140

11512 Conn the Arsonist (level 11, -5/65 HPs)
             Began as an Octopode Fire Elementalist on July 23, 2022.
             Was an Elder of Sif Muna.
             Killed from afar by a catoblepas (6 damage)
             ... with a blast of calcifying dust
             ... on level 2 of the Lair of Beasts.
             The game lasted 00:49:23 (14317 turns).

Conn the Arsonist (Octopode Fire Elementalist)     Turns: 14317, Time: 00:49:28

Health: -5/65      AC:  5    Str:  8    XL:     11   Next: 78%
Magic:  10/24      EV: 27    Int: 22    God:    Sif Muna [****..]
Gold:   333        SH:  9    Dex: 12    Spells: 6/29 levels left

rFire   + + .      SeeInvis .   a - staff of fire
rCold   . . .      Faith    .   R - +2 kite shield {rF+}
rNeg    . . .      Spirit   .   (helmet restricted)
rPois   +          Reflect  .   L - amulet of the acrobat
rElec   .          Harm     .   t - +4 ring of protection
rCorr   .          Rampage  .   O - ring of flight
Will    .....                   Q - ring of poison resistance
Stlth   ++++......              (no ring)
HPRegen 0.20/turn               (no ring)
MPRegen 0.19/turn               (no ring)
                                (no ring)
                                (no ring)

@: acrobatic, flying
A: almost no armour, amphibious, 8 rings, camouflage 1, gelatinous body 1,
(nimble swimmer 1), tentacles
a: Renounce Religion, Channel Magic, Forget Spell, Divine Exegesis


You were on level 2 of the Lair of Beasts.
You worshipped Sif Muna.
Sif Muna was greatly pleased with you.
You visited 2 branches of the dungeon, and saw 14 of its levels.

You collected 736 gold pieces.
You spent 403 gold pieces at shops.

Inventory:

Hand Weapons
 b - the +8 trident of the Octopus King {venom, rElec rPois}
   (You found it on level 10 of the Dungeon)

   It poisons the flesh of those it strikes.
   rElec:     It insulates you from electricity.
   rPois:     It protects you from poison.
 d - a +0 short sword
 s - a +2 whip of chaos
 S - a +1 short sword of venom
Missiles
 m - 5 silver javelins (quivered)
 G - 10 curare-tipped darts
Armour
 R - a +2 kite shield of fire resistance (worn)
Magical Staves
 a - a staff of fire (weapon)
 y - a staff of air
Jewellery
 t - a +4 ring of protection (left tentacle)
 D - a ring of ice
 L - an amulet of the acrobat (around mantle)
 O - a ring of flight (right tentacle)
 Q - a ring of poison resistance (on tentacle)
Wands
 n - a wand of quicksilver (1)
 x - a wand of flame (19)
 P - a wand of iceblast (4)
Scrolls
 f - 6 scrolls of immolation
 g - a scroll of torment {unknown}
 h - 6 scrolls of teleportation {unknown}
 i - a scroll of brand weapon
 l - 3 scrolls of noise
 u - 2 scrolls of vulnerability {unknown}
 v - 3 scrolls of fog {unknown}
 w - a scroll of poison {unknown}
 B - 2 scrolls of magic mapping {unknown}
 C - 2 scrolls of amnesia {unknown}
 F - 10 scrolls of identify {unknown}
 K - 2 scrolls of enchant weapon {unknown}
 N - a scroll of silence {unknown}
Potions
 c - a potion of curing
 e - 4 potions of brilliance {unknown}
 j - a potion of flight {unknown}
 k - 3 potions of degeneration {unknown}
 o - a potion of attraction {unknown}
 p - 5 potions of heal wounds {unknown}
 q - 2 potions of lignification {unknown}
 r - a potion of magic
 z - a potion of cancellation {unknown}
 A - a potion of invisibility {unknown}
 E - a potion of haste {unknown}
 H - 3 potions of mutation {unknown}
 I - 2 potions of berserk rage {unknown}
 J - a potion of might {unknown}
 M - a potion of ambrosia {unknown}


   Skills:
 + Level 2.4 Fighting
 + Level 1.5 Short Blades
 + Level 2.3(2.5) Maces & Flails
 + Level 1.3(2.0) Staves
 + Level 3.9 Dodging
 + Level 5.5 Stealth
 + Level 1.6 Shields
 + Level 9.5 Spellcasting
 * Level 6.5 Conjurations
 + Level 3.1 Hexes
 + Level 11.5 Fire Magic
 * Level 2.2 Ice Magic
 * Level 1.5 Invocations
 + Level 1.2 Evocations


You had 6 spell levels left.
You knew the following spells:

 Your Spells              Type           Power      Damage    Failure   Level
a - Foxfire               Conj/Fire      100%       2x1d9     1%          1
b - Conjure Flame         Conj/Fire      66%        6-21      1%          3
c - Inner Flame           Hex/Fire       59%        N/A       3%          3
d - Flame Wave            Conj/Fire      66%        2d12      4%          4
e - Scorch                Fire           100%       2d10      1%          2
f - Sticky Flame          Conj/Fire      66%        2d8       4%          4
g - Ignite Poison         Fire/Tmut/Pois 41%        N/A       13%         3
h - Ozocubu's Armour      Ice            20%        N/A       26%         3

Your spell library contained the following spells:

 Spells                   Type           Power      Damage    Failure   Level
 Freeze                   Ice            80%        1d9       9%          1
 Tukima's Dance           Hex            24%        N/A       17%         3
 Summon Small Mammal      Summ           40%        N/A       22%         1
 Gell's Gravitas          Tloc           10%        N/A       54%         3
 Teleport Other           Tloc           10%        N/A       54%         3
 Metabolic Englaciation   Hex/Ice        11%        N/A       88%         5
 Passage of Golubria      Tloc           10%        N/A       91%         4
 Yara's Violent Unravell  Hex/Tmut       8%         3d5       97%         5
 Dispersal                Tloc           5%         N/A       100%        6
 Simulacrum               Ice/Necr       7%         N/A       100%        6
 Ozocubu's Refrigeration  Ice            10%        4d7       100%        7
 Chain Lightning          Conj/Air       12%        3d16      100%        9
 Fire Storm               Conj/Fire      33%        8d8       100%        9
 Shatter                  Erth           5%         3d8*      100%        9


Dungeon Overview and Level Annotations

Branches:
Dungeon (12/15)            Temple (0/1) D:6            Lair (2/5) D:11
    Orc (0/2) D:11
  Swamp: Lair:2-3    Shoals: Lair:2-3     Snake: Lair:2-3    Spider: Lair:2-3

Altars:
Cheibriados
Qazlal
Sif Muna
Trog
Uskayaw
Wu Jian
Xom
Yredelemnul
The Shining One

Shops:
D:9 (   D:10 [

Annotations:
D:11 3 runed translucent doors, exclusion: orange crystal statue


Innate Abilities, Weirdness & Mutations

You cannot wear most types of armour.
You are amphibious.
You can wear up to eight rings at the same time.
Your skin changes colour to match your surroundings (Stealth+).
Your rubbery body absorbs attacks. (AC +1, EV +1)
((You are camouflaged when in or above water. (Stealth+)))
You have tentacles for arms and can constrict up to eight enemies at once.


Message History

The black mamba misses you. The black mamba barely misses you.
The black mamba attacks as you move away!
You block the black mamba's attack. The black mamba completely misses you.
The black mamba bites you!
* * * LOW HITPOINT WARNING * * *
You block the black mamba's attack.
Okay, then.
Unknown command.
Unknown command.
Unknown command.
Okay, then.
Unknown command.
Unknown command.
Okay, then.
Unknown command.
Unknown command.
Unknown command.
Unknown command.
Unknown command.
Unknown command.
Okay, then.
Unknown command.
Unknown command.
Unknown command.
Unknown command.
The black mamba attacks as you move away!
You block the black mamba's attack.
The catoblepas breathes a plume of calcifying dust at you.
The blast of calcifying dust hits the black mamba!
The blast of calcifying dust hits you.
* * * LOW HITPOINT WARNING * * *
The black mamba is engulfed in calcifying dust.
The black mamba is moving more slowly.
You block the black mamba's attack.
The black mamba attacks as you move away!
You block the black mamba's attack.
The black mamba is engulfed in calcifying dust.
The black mamba stops moving altogether!
The catoblepas breathes a plume of calcifying dust at you.
The blast of calcifying dust hits you.
You die...

............ ............#
...........# ......§...#
.....§..... #...§.#+.#
##..§.....# #..@§.....#
##.§...#..# #§S...#..####
#Y..........######
.#.##.....#....#......
#####..#P......#.#........#
...........................
...........................
...........................


You could see a catoblepas (inner flame) and a black mamba (petrified).

Vanquished Creatures
  A hydra (Lair:1)
  A two-headed ogre (D:11)
  4 cyclopes
  A gargoyle (D:12)
  An unseen horror (D:11)
  A kobold demonologist (D:10)
  2 komodo dragons (Lair:1)
  A troll (D:9)
  A wraith (D:10)
  2 shadows
  3 wyverns
  A vampire (D:9)
  3 yaks (D:9)
  3 steam dragons
  2 acid dragons (D:9)
  3 water moccasins
  4 orc warriors
  A sky beast (D:6)
  4 black bears
  2 ogres (D:6)
  A centaur (D:7)
  A phantom (D:6)
  8 bullfrogs
  6 kobold brigands
  2 necrophages
  2 scorpions
  2 gnoll sergeants
  A water moccasin zombie (D:3)
  5 wights
  20 killer bees
  The ghost of Smoky173 the Cudgeller, a weakling DsFi (D:3)
  2 electric eels (D:8)
  3 howler monkeys (D:10)
  10 orc priests
  A bullfrog skeleton (D:3)
  Crazy Yiuf (D:7)
  A centaur skeleton (D:3)
  2 hounds (D:5)
  A gnoll bouda (D:7)
  Ijyb (D:3)
  Terence (D:3)
  An iguana (D:4)
  4 orc wizards
  A mummy (D:6)
  16 gnolls
  6 adders
  2 white imps (D:5)
  4 ufetubi
  7 worms
  A dart slug (D:1)
  53 orcs
  4 ball pythons
  5 bats
  7 endoplasms
  5 giant cockroaches
  8 goblins
  4 hobgoblins
  6 jackals
  3 quokkas
  2 frilled lizards
  21 kobolds
273 creatures vanquished.

Vanquished Creatures (others)
  783 foxfires
  19 fungi
  12 plants
814 creatures vanquished.

Grand Total: 1087 creatures vanquished

Notes
Turn   | Place    | Note
-------+----------+-------------------------------------------
     0 | D:1      | Conn the Octopode Fire Elementalist began the quest for the
                  | Orb.
     0 | D:1      | Reached XP level 1. HP: 11/11 MP: 3/3
   629 | D:1      | Reached XP level 2. HP: 12/17 MP: 5/5
  1257 | D:2      | Found a faded altar of an unknown god.
  1259 | D:2      | Noticed a great orb of eyes
  1259 | D:2      | Noticed an eye of devastation
  1260 | D:2      | Noticed a golden eye
  1260 | D:2      | Noticed a floating eye
  1352 | D:2      | Learned a level 2 spell: Scorch
  1404 | D:2      | Reached XP level 3. HP: 12/21 MP: 6/6
  1405 | D:2      | You fall into a shaft and drop 2 floors!
  1535 | D:4      | Reached skill level 1 in Short Blades
  1733 | D:4      | Reached XP level 4. HP: 27/27 MP: 1/7
  2009 | D:3      | Noticed Terence
  2015 | D:3      | Killed Terence
  2016 | D:3      | Reached skill level 1 in Fighting
  2016 | D:3      | Reached XP level 5. HP: 33/33 MP: 1/9
  2129 | D:3      | Noticed Ijyb
  2142 | D:3      | Killed Ijyb
  2143 | D:3      | Reached skill level 4 in Fire Magic
  2460 | D:3      | Found a transporter.
  2480 | D:3      | Found a transporter.
  2481 | D:3      | Noticed Smoky173's ghost (weakling DsFi)
  2630 | D:3      | Learned a level 3 spell: Conjure Flame
  2634 | D:3      | Learned a level 3 spell: Inner Flame
  2648 | D:3      | Killed Smoky173's ghost
  2649 | D:3      | Reached skill level 1 in Maces & Flails
  2649 | D:3      | Reached XP level 6. HP: 15/38 MP: 3/10
  3823 | D:4      | Noticed an orc warrior
  3831 | D:4      | Killed an orc warrior
  3832 | D:4      | Reached XP level 7. HP: 43/43 MP: 2/12
  3902 | D:4      | Found a bloodstained altar of Trog.
  3923 | D:4      | Found a shimmering blue altar of Sif Muna.
  3929 | D:4      | Got Sif Muna's Almanac of Glaciation and Invitation
  3931 | D:4      | Became a worshipper of Sif Muna the Loreminder
  3987 | D:4      | Learned a level 4 spell: Flame Wave
  4010 | D:5      | Entered Level 5 of the Dungeon
  4016 | D:5      | Reached skill level 5 in Fire Magic
  4264 | D:5      | Reached XP level 8. HP: 16/48 MP: 5/15
  4541 | D:5      | Reached skill level 6 in Fire Magic
  5094 | D:6      | Reached skill level 5 in Spellcasting
  5230 | D:6      | Reached * piety under Sif Muna
  5642 | D:6      | Found a staircase to the Ecumenical Temple.
  5672 | D:6      | Found a snail-covered altar of Cheibriados.
  5678 | D:6      | Reached skill level 7 in Fire Magic
  6131 | D:7      | Reached XP level 9. HP: 46/54 MP: 17/17
  6682 | D:7      | Reached skill level 8 in Fire Magic
  6843 | D:7      | Reached skill level 1 in Hexes
  7232 | D:7      | Reached ** piety under Sif Muna
  7316 | D:7      | Found a runed translucent door.
  7317 | D:7      | Noticed Crazy Yiuf
  7323 | D:7      | Killed Crazy Yiuf
  7407 | D:8      | Found a stormy altar of Qazlal.
  7407 | D:8      | Found a shimmering altar of Xom.
  7407 | D:8      | Found a glowing golden altar of the Shining One.
  7407 | D:8      | Found an ornate altar of the Wu Jian Council.
  8017 | D:8      | Learned a level 4 spell: Sticky Flame
  8045 | D:8      | Reached skill level 9 in Fire Magic
  8181 | D:8      | Found a hide-covered altar of Uskayaw.
  8554 | D:9      | Reached XP level 10. HP: 49/60 MP: 12/20
  8877 | D:9      | Noticed a cyclops
  8884 | D:9      | Killed a cyclops
  9047 | D:9      | Reached skill level 5 in Stealth
  9047 | D:9      | Reached *** piety under Sif Muna
  9111 | D:9      | Reached skill level 1 in Staves
  9111 | D:9      | Reached skill level 10 in Fire Magic
  9176 | D:9      | Found Qovoq's Antique Weapon Shoppe.
  9184 | D:9      | Bought a shimmering trident for 178 gold pieces
  9184 | D:9      | Identified the +1 trident "Eceg" {antimagic, rPois rC-
                  | rCorr} (You bought it in a shop on level 9 of the Dungeon)
  9385 | D:9      | Reached skill level 5 in Conjurations
  9717 | D:10     | Entered Level 10 of the Dungeon
  9722 | D:10     | Found Enit's Antique Armour Emporium.
  9730 | D:10     | Bought a shiny kite shield for 225 gold pieces
  9742 | D:10     | Learned a level 3 spell: Ignite Poison
 10051 | D:10     | Found a basalt altar of Yredelemnul.
 10092 | D:10     | Noticed a kobold demonologist
 10099 | D:10     | Noticed a sun demon
 10105 | D:10     | Killed a kobold demonologist
 10106 | D:10     | Reached skill level 1 in Evocations
 10367 | D:10     | Found the +8 trident of the Octopus King {venom, rElec
                  | rPois}
 10537 | D:10     | Reached XP level 11. HP: 62/64 MP: 3/23
 11002 | D:11     | Noticed an orange crystal statue
 11002 | D:11     | Found a runed translucent door.
 11009 | D:11     | Found a runed translucent door.
 11016 | D:11     | Found a runed translucent door.
 11023 | D:11     | Found a runed translucent door.
 11024 | D:11     | Noticed a cyclops
 11049 | D:11     | Killed a cyclops
 11050 | D:11     | Reached skill level 1 in Shields
 11262 | D:11     | Noticed a two-headed ogre
 11275 | D:11     | HP: 2/65 [something (7)]
 11278 | D:12     | Reached **** piety under Sif Muna
 11284 | D:12     | Reached skill level 11 in Fire Magic
 11553 | D:12     | Noticed a cyclops
 11561 | D:12     | Killed a cyclops
 12167 | D:11     | Learned a level 3 spell: Ozocubu's Armour
 12352 | D:11     | Noticed a cyclops
 12360 | D:11     | Killed a cyclops
 12514 | D:11     | Identified the +0 ring mail of Axiaheb {+Inv rC+ Will+
                  | Str+2}
 12536 | D:11     | Killed a two-headed ogre
 12658 | D:11     | Found a staircase to the Lair.
 12894 | D:11     | Found a staircase to the Orcish Mines.
 13179 | Lair:1   | Entered Level 1 of the Lair of Beasts
 13579 | Lair:1   | Reached skill level 1 in Ice Magic
 13752 | Lair:1   | Noticed an eight-headed hydra
 13758 | Lair:1   | Killed an eight-headed hydra
 13759 | Lair:1   | Reached skill level 1 in Invocations
 14295 | Lair:2   | Noticed a catoblepas
 14315 | Lair:2   | HP: 2/65 [black mamba (13)]
 14317 | Lair:2   | Killed from afar by a catoblepas

Illustrated notes

Levels and vault maps discovered:
D:1:      minmay_arrival_loop, layout_basic, glass_columns_c,
          kennysheep_decorative_pillar
D:2:      layout_loops_ring, hellmonk_ecumenical_altar_watching_god,
          kennysheep_generic_room_15
D:3:      layout_loops_ring, gammafunk_ghost_mausoleum, uniq_ijyb, uniq_terence
D:4:      layout_basic, nzn_overflow_gifts_of_might_and_magic
D:5:      layout_rooms
D:6:      layout_basic, slow_altar_1, minmay_temple_entry_hall
D:7:      layout_loops_ring, chequers_serial_rivers_room_b,
          uniq_crazy_yiuf_cottage
D:8:      statuecave_lemuel, layout_basic, grunt_temple_overflow_open,
          lemuel_crystal_altar
D:9:      layout_big_octagon, minmay_misc_feat_rugged, nicolae_stop_n_shop_1,
          nicolae_elevator_lobby_plus
D:10:     layout_stronghold, mainiacjoe_overflow_alcove_2, serial_shops,
          nicolae_shop_advertising_works [nicolae_subvault_shop_adworks]
D:11:     layout_loops_ring, grunt_lair_entry_orc_guard_hut, david_orc_5,
          minmay_statue_crystal_thing
D:12:     layout_roguey
Lair:1:   layout_gridlike, grunt_megastairs_5, lemuel_fruit_tree
Lair:2:   layout_regular_city, elwin_shoals_entry_rooms, gammafunk_ghost_hive

Skill      XL: |  1  2  3  4  5  6  7  8  9 10 11 |
---------------+----------------------------------+-----
Short Blades   | 1 |  1.5
Stealth        | 3 4 5 |  5.5
Fighting       | 1 2 |  2.4
Conjurations   | 2 3 4 5 6 |  6.5
Fire Magic     | 4 5 7 9 10 11 | 11.5
Maces & Flails | 1 2 |  2.3
Spellcasting   | 3 4 5 7 8 9 |  9.5
Dodging        | 3 |  3.9
Hexes          | 2 3 |  3.1
Staves         | 1 |  1.3
Evocations     | 1 |  1.2
Shields        | 1 |  1.6
Ice Magic      | 2 |  2.2
Invocations    | 1 |  1.5

Action                   |  1- 3 |  4- 6 |  7- 9 | 10-12 || total
-------------------------+-------+-------+-------+-------++-------
Melee: Short sword       |    14 |       |     6 |       ||    20
       Constrict         |     6 |     6 |     9 |     6 ||    27
       Tentacles         |     4 |     7 |     7 |     7 ||    25
       Whip              |     5 |    29 |     3 |       ||    37
       Staff             |       |       |    16 |    24 ||    40
Throw: Throwing net      |       |       |       |     1 ||     1
 Cast: Foxfire           |    40 |    81 |   130 |   209 ||   460
       Scorch            |     1 |     2 |    42 |    55 ||   100
       Inner Flame       |       |     2 |    13 |    16 ||    31
       Flame Wave        |       |       |     6 |     8 ||    14
       Conjure Flame     |       |       |     5 |     9 ||    14
       Sticky Flame      |       |       |       |     1 ||     1
Evoke: Wand              |       |     1 |     4 |     9 ||    14
  Use: Scroll            |       |       |     3 |     4 ||     7
       Potion            |       |       |     1 |     3 ||     4
 Stab: Sleeping          |     1 |     3 |       |       ||     4
Armor: Skin              |     3 |    12 |    14 |    12 ||    41
Dodge: Dodged            |    11 |    23 |    46 |    53 ||   133
Block: Kite shield       |       |       |       |    42 ||    42

Table legend: (Time is in decaauts)
 A = Elapsed time spent in this place.
 B = Non-inter-level travel time spent in this place.
 C = Inter-level travel time spent in this place.
 D = Time resting spent in this place.
 E = Time spent auto-exploring this place.
 F = Levels seen in this place.
 G = Mean time per level.
                   A        B        C        D        E       F      G
               +--------+--------+--------+--------+--------+-----+--------+
         Total |  14337 |  13957 |    380 |    572 |  10116 |  14 | 1024.1 |
       Dungeon |  13198 |  12867 |    331 |    572 |   9180 |  12 | 1099.8 |
          Lair |   1138 |   1090 |     48 |      0 |    936 |   2 |  569.0 |
               +--------+--------+--------+--------+--------+-----+--------+

Top non-repeatable levels by time:
    D:11: 1424 daAuts
    D:10: 1290 daAuts
     D:7: 1286 daAuts
     D:9: 1215 daAuts
     D:4: 1209 daAuts
     D:6: 1174 daAuts
     D:3: 1141 daAuts
     D:8: 1103 daAuts
     D:2: 1089 daAuts
  Lair:1: 1047 daAuts
     D:1: 767 daAuts
    D:12: 755 daAuts
     D:5: 740 daAuts
  Lair:2: 90 daAuts
